 Dungeon Crawl Stone Soup version 0.27-a0-1147-gb3d8e82157 (webtiles) character file.

Game seed: 15701146793563015956

12081 freelancePsychic the Dealer of Despair (level 11, -2/101 HPs)
             Began as a Yellow Draconian Ice Elementalist on May 12, 2021.
             Was an Elder of Kikubaaqudgha.
             Slain by an eight-headed hydra (6 damage)
             ... on level 1 of the Lair of Beasts.
             The game lasted 00:47:08 (14055 turns).

freelancePsychic the Dealer of Despair (DrIE)      Turns: 14055, Time: 00:47:08

Health: -2/101     AC: 11    Str: 14    XL:     11   Next: 57%
Magic:  4/18       EV: 13    Int: 20    God:    Kikubaaqudgha [****..]
Gold:   188        SH:  0    Dex: 11    Spells: 2/20 levels left

rFire    . . .     SeeInvis +   a - +5 mace of Uleorgh {freeze, Str+4}
rCold    . . .     Faith    .   (no shield)
rNeg     . . .     Spirit   .   (armour unavailable)
rPois    .         Reflect  .   (helmet restricted)
rElec    .         Harm     .   p - +2 cloak
rCorr    +         Rampage  .   y - +0 pair of gloves of Beogh's Respect {Regen+ SInv}
Will     .....                  (no boots)
Stlth    ++........             (no amulet)
HPRegen  1.26/turn              (no ring)
MPRegen  0.16/turn              (no ring)

@: freezing walls
A: spit acid, AC +7, unfitting armour, cold-blooded, acid resistance
a: Breathe Acid, Renounce Religion, Receive Corpses


You were on level 1 of the Lair of Beasts.
You worshipped Kikubaaqudgha.
Kikubaaqudgha was greatly pleased with you.
You visited 3 branches of the dungeon, and saw 13 of its levels.
You also visited: Ossuary and Bailey.

You collected 512 gold pieces.
You spent 324 gold pieces at shops.

Inventory:

Hand Weapons
 a - the +5 mace of Uleorgh (weapon) {freeze, Str+4}
   (You found it on level 4 of the Dungeon)

   It has been specially enchanted to freeze those struck by it, causing extra
   injury to most foes and up to half again as much damage against particularly
   susceptible opponents.
   It can also slow down cold-blooded creatures.
   It affects your strength (+4).
 b - the +2 hunting sling of the Chickpea {flame, rElec rC+}
   (You found it on level 6 of the Dungeon)

   It causes projectiles fired from it to burn those they strike, causing extra
   injury to most foes and up to half again as much damage against particularly
   susceptible opponents.
   It protects you from cold.
   It insulates you from electricity.
 B - the +2 scimitar of Misery {flame, rC- Str+2 Int+8}
   (You took it off a gnoll in a bailey)

   It has been specially enchanted to burn those struck by it, causing extra
   injury to most foes and up to half again as much damage against particularly
   susceptible opponents.
   Big, fiery blades are also staple armaments of hydra-hunters.
   It affects your strength (+2).
   It affects your intelligence (+8).
   It makes you vulnerable to cold.
 F - a +3 demon blade of venom
Missiles
 c - 143 stones
 f - 35 sling bullets
Armour
 p - a +2 cloak (worn)
 r - the -5 pair of gloves of Evolution {rPois rC+ rN+ Stlth+}
   (You found it on level 4 of the Dungeon)

   It protects you from cold.
   It protects you from poison.
   It protects you from negative energy.
   It makes you more stealthy.
 u - a +2 pair of gloves
 y - the +0 pair of gloves of Beogh's Respect (worn) {Regen+ SInv}
   (You bought it in a shop on level 10 of the Dungeon)

   It lets you see invisible.
   It increases your rate of health regeneration.
Wands
 i - a wand of flame (48)
 j - a wand of polymorph (9)
 t - a wand of charming (9)
 C - a wand of iceblast (9)
Scrolls
 g - 4 scrolls of enchant weapon
 h - a scroll of blinking
 n - 3 scrolls of teleportation {@r4}
 o - 2 scrolls of fear
 q - 2 scrolls of fog
 w - a scroll of enchant armour
 x - a scroll of silence
 H - a scroll of identify {@r1}
Potions
 d - 2 potions of heal wounds {@q2}
 e - 8 potions of curing {@q1}
 k - 3 potions of flight
 l - 2 potions of haste {unknown}
 m - a potion of might {unknown}
 s - a potion of cancellation {unknown}
 v - 3 potions of lignification {unknown}
 z - a potion of magic {unknown}
 A - 2 potions of mutation {unknown}
 D - 4 potions of brilliance {unknown}
 E - a potion of berserk rage {unknown}
 G - a potion of resistance {unknown}


   Skills:
 - Level 10.3 Fighting
 - Level 6.5 Maces & Flails
 - Level 4.8 Dodging
 - Level 1.7 Stealth
 - Level 5.3 Spellcasting
 + Level 10.4 Necromancy
 + Level 8.1 Ice Magic


You had 2 spell levels left.
You knew the following spells:

 Your Spells              Type           Power      Damage    Failure   Level
a - Freeze                Ice            100%       1d11      1%          1
b - Frozen Ramparts       Ice            76%        1d9       1%          3
c - Vampiric Draining     Necr           23%        2d9       1%          3
d - Pain                  Necr           100%       1d9       1%          1
e - Dispel Undead         Necr           47%        3d18      1%          4
f - Simulacrum            Ice/Necr       21%        N/A       36%         6

Your spell library contained the following spells:

 Spells                   Type           Power      Damage    Failure   Level
 Animate Skeleton         Necr           94%        N/A       1%          1
 Corpse Rot               Necr/Air       N/A        N/A       1%          2
 Sublimation of Blood     Necr           23%        N/A       1%          2
 Apportation              Tloc           10%        N/A       12%         1
 Corona                   Hex            5%         N/A       12%         1
 Shock                    Conj/Air       20%        1d4       12%         1
 Summon Small Mammal      Summ           20%        N/A       12%         1
 Static Discharge         Conj/Air       5%         N/A       17%         2
 Ozocubu's Armour         Ice            38%        N/A       1%          3
 Animate Dead             Necr           23%        N/A       1%          4
 Excruciating Wounds      Necr           23%        N/A       4%          5
 Hailstorm                Conj/Ice       21%        3d6       21%         4
 Death Channel            Necr           23%        N/A       24%         6
 Swiftness                Air            5%         N/A       34%         3
 Metabolic Englaciation   Hex/Ice        10%        N/A       50%         5
 Airstrike                Air            2%         N/A       75%         4
 Lightning Bolt           Conj/Air       2%         1d14      97%         5


Dungeon Overview and Level Annotations

Branches:
Dungeon (11/15)            Temple (1/1) D:5            Lair (1/6) D:8
    Orc (0/2) D:9         Ossuary (visited)          Bailey (visited)

Altars:
Ashenzari
Cheibriados
Dithmenos
Elyvilon
Fedhas
Gozag
Hepliaklqana
Kikubaaqudgha
Makhleb
Nemelex Xobeh
Okawaru
Qazlal
Ru
Sif Muna
Trog
Uskayaw
Vehumet
Wu Jian
Xom
Yredelemnul
Zin
The Shining One

Shops:
D:3 ?   D:4 ?   D:6 (   D:7 *   D:10 *

Annotations:
D:7 exclusions: cyclops and 7 more exclusions


Innate Abilities, Weirdness & Mutations

You can spit globs of acid.
Your golden yellow scales are hard. (AC +7)
You cannot fit into any form of body armour.
You are cold-blooded and may be slowed by cold attacks.
You are resistant to acid. (rCorr)


Message History

Aim: an eight-headed hydra (lightly wounded)
You draw life force from the eight-headed hydra!
The wall freezes the eight-headed hydra.
The eight-headed hydra misses you. The eight-headed hydra bites you! x3
The eight-headed hydra bites you but does no damage.
The eight-headed hydra bites you.
The eight-headed hydra bites you but does no damage. x2
Casting: Vampiric Draining (safe; 1% risk of failure)
Confirm with . or Enter, or press ? or * to list all spells.
Aiming: Vampiric Draining (safe; 1% risk of failure)
Press: ? - help, Shift-Dir - straight line, f/p - eight-headed hydra
Aim: an eight-headed hydra (moderately wounded)
You draw life force from the eight-headed hydra!
You feel life coursing into your body.
The wall freezes the eight-headed hydra!
The eight-headed hydra seems to slow down.
The eight-headed hydra bites you but does no damage.
The eight-headed hydra barely misses you.
The eight-headed hydra bites you.
The eight-headed hydra bites you but does no damage. x2
The eight-headed hydra barely misses you.
The eight-headed hydra bites you! The eight-headed hydra bites you.
Casting: Vampiric Draining (safe; 1% risk of failure)
Confirm with . or Enter, or press ? or * to list all spells.
Aiming: Vampiric Draining (safe; 1% risk of failure)
Press: ? - help, Shift-Dir - straight line, f/p - eight-headed hydra
Aim: an eight-headed hydra (heavily wounded, slow)
You draw life force from the eight-headed hydra!
You feel life coursing into your body!
The wall freezes the eight-headed hydra!
The eight-headed hydra seems to slow down.
The eight-headed hydra bites you! x2; The eight-headed hydra bites you.
The eight-headed hydra barely misses you.
The eight-headed hydra bites you!
* * * LOW HITPOINT WARNING * * *
The eight-headed hydra bites you!
* * * LOW HITPOINT WARNING * * *
The eight-headed hydra bites you.
You die...
Kikubaaqudgha rasps: "You have failed me!
Welcome... death!"

#. #..# ### #...
.##.##..###P### ....
##.#.........[... .....
##..#.............
#.(.##.#.#............. ....
#........#.............
......#......................
......#.....................#
#.....#..###@..#...........##
##...#.....#D......##...#.P##
#..................##.###.##
#..:...............##..##.#
...................#..###.#
#..................#P.# .#
....#.............##..
#.$.......>........#...
#.......................


You could see an eight-headed hydra (slow).

Vanquished Creatures
  3 two-headed ogres
  An orc knight (Bailey)
  An unseen horror (D:11)
  Psyche (D:9)
  A kobold demonologist (D:10)
  3 komodo dragons (D:8)
  2 hornets
  2 trolls (D:11)
  A meliai zombie (D:10)
  A shadow (D:11)
  A wraith (D:11)
  Eustachio (D:6)
  3 yaks (D:10)
  A basilisk (D:8)
  3 wyverns
  3 vampire mosquitoes (D:10)
  A water moccasin (Lair:1)
  An acid dragon (D:8)
  8 orc warriors
  A swamp drake (D:9)
  2 ice beasts
  7 black bears
  A necrophage (D:6)
  5 wolves (Lair:1)
  4 centaurs
  A kobold brigand (D:9)
  2 bullfrogs
  4 water moccasin zombies
  3 scorpions
  14 killer bees (D:9)
  5 wights (D:8)
  3 electric eels (D:8)
  2 hounds
  6 orc priests (D:9)
  4 centaur zombies
  Crazy Yiuf (D:3)
  3 iguanas
  15 orc wizards
  A hound skeleton (D:4)
  2 mummies (Ossuary)
  8 adders
  A shadow imp (D:5)
  2 white imps
  2 adder zombies
  2 worms
  31 orcs
  9 ball pythons
  7 endoplasms
  6 giant cockroaches
  2 gnoll zombies (Ossuary)
  12 goblins
  9 hobgoblins
  3 jackals (D:3)
  24 kobolds
  3 quokkas
  2 bats (D:1)
  A frilled lizard (D:1)
  2 hobgoblin zombies (Ossuary)
  4 kobold zombies (Ossuary)
  6 orc zombies (Ossuary)
  A rat (D:2)
261 creatures vanquished.

Vanquished Creatures (collateral kills)
  2 orc warriors (Bailey)
  2 gnolls (Bailey)
  3 orcs (Bailey)
  5 goblins (Bailey)
  2 hobgoblins (Bailey)
14 creatures vanquished.

Vanquished Creatures (others)
  An orc wizard (D:9)
  2 fungi (Lair:1)
  A plant (D:5)
4 creatures vanquished.

Grand Total: 279 creatures vanquished

Notes
Turn   | Place    | Note
-------+----------+-------------------------------------------
     0 | D:1      | freelancePsychic the Draconian Ice Elementalist began the
                  | quest for the Orb.
     0 | D:1      | Reached XP level 1. HP: 14/14 MP: 3/3
   318 | D:1      | Reached XP level 2. HP: 20/20 MP: 0/5
   434 | D:1      | Found a faded altar of an unknown god.
   785 | D:2      | Reached skill level 5 in Ice Magic
   892 | D:2      | Reached XP level 3. HP: 26/26 MP: 3/6
   896 | D:2      | Learned a level 3 spell: Frozen Ramparts
  1289 | D:2      | Reached skill level 1 in Fighting
  1387 | D:2      | Reached XP level 4. HP: 35/35 MP: 4/7
  2075 | D:3      | Found a runed translucent door.
  2076 | D:3      | Noticed Crazy Yiuf
  2209 | D:3      | Noticed a hornet
  2215 | D:3      | Killed a hornet
  2216 | D:3      | Reached skill level 5 in Fighting
  2216 | D:3      | Reached XP level 5. HP: 48/48 MP: 2/8
  2216 | D:3      | Reached XP level 6. HP: 56/56 MP: 2/9
  2289 | D:3      | Found Ziemp's Magic Scroll Shop.
  2389 | D:3      | Bought a scroll of magic mapping for 49 gold pieces
  2806 | D:3      | Killed Crazy Yiuf
  3443 | D:4      | Identified the +5 mace of Uleorgh {freeze, Str+4}
  3474 | D:4      | Found a burning altar of Makhleb.
  3488 | D:4      | Found Wesma's Magic Scroll Boutique.
  3731 | D:4      | Identified the -5 pair of gloves of Evolution {rPois rC+
                  | rN+ Stlth+}
  3934 | D:5      | Entered Level 5 of the Dungeon
  3954 | D:5      | Found a sand-covered staircase.
  3963 | Ossuary  | Entered an ossuary
  4119 | Ossuary  | Your scales start taking on a golden yellow colour.
  4119 | Ossuary  | Reached XP level 7. HP: 57/64 MP: 10/10
  4119 | Ossuary  | Gained mutation: You are resistant to acid. (rCorr) [Yellow
                  | Draconian growth]
  4617 | D:5      | Reached skill level 1 in Maces & Flails
  4897 | D:5      | Found a staircase to the Ecumenical Temple.
  4911 | Temple   | Entered the Ecumenical Temple
  5017 | Temple   | Became a worshipper of Kikubaaqudgha
  5254 | D:6      | Reached skill level 1 in Necromancy
  5254 | D:6      | Reached XP level 8. HP: 68/73 MP: 8/11
  5487 | D:6      | Reached skill level 5 in Maces & Flails
  5626 | D:6      | Noticed Eustachio
  5668 | D:6      | Killed Eustachio
  6007 | D:6      | Identified the +2 hunting sling of the Chickpea {flame,
                  | rElec rC+}
  6144 | D:6      | Found Uhyabioh's Antique Weapon Shop.
  6304 | D:7      | Found Lajy's Profane Products.
  6393 | D:7      | Noticed a hornet
  6410 | D:7      | Paralysed by a hornet for 3 turns
  6414 | D:7      | Killed a hornet
  6415 | D:7      | Reached XP level 9. HP: 47/81 MP: 3/12
  6763 | D:7      | Reached skill level 5 in Necromancy
  6811 | D:7      | Noticed a cyclops
  7548 | D:8      | Noticed a two-headed ogre
  7649 | D:9      | Found a flagged portal.
  7679 | Bailey   | Entered a bailey
  7793 | Bailey   | Reached * piety under Kikubaaqudgha
  7793 | Bailey   | Identified Kikubaaqudgha's Collected Works on Stolen Souls
                  | (Kikubaaqudgha gifted it to you in a bailey)
  7793 | Bailey   | Received a gift from Kikubaaqudgha
  7813 | Bailey   | Learned a level 3 spell: Vampiric Draining
  7815 | Bailey   | Learned a level 1 spell: Pain
  7844 | Bailey   | Noticed an orc knight
  7880 | Bailey   | Identified the +2 scimitar of Misery {flame, rC- Str+2
                  | Int+8}
  7946 | Bailey   | Killed an orc knight
  8135 | D:9      | Noticed a two-headed ogre
  8150 | D:9      | Killed a two-headed ogre
  8250 | D:9      | Noticed a two-headed ogre
  8269 | D:9      | Killed a two-headed ogre
  8270 | D:9      | Reached skill level 10 in Fighting
  8270 | D:9      | Reached XP level 10. HP: 55/94 MP: 0/13
  8745 | D:9      | Reached ** piety under Kikubaaqudgha
  8990 | D:8      | Noticed Psyche
  9000 | D:9      | Killed Psyche
  9679 | D:9      | Found a staircase to the Orcish Mines.
 10171 | D:10     | Entered Level 10 of the Dungeon
 10637 | D:8      | Reached *** piety under Kikubaaqudgha
 10637 | D:8      | Identified Kikubaaqudgha's Almanac of Sinister Rituals
                  | (Kikubaaqudgha gifted it to you on level 8 of the Dungeon)
 10637 | D:8      | Received a gift from Kikubaaqudgha
 10648 | D:8      | Learned a level 4 spell: Dispel Undead
 11149 | D:8      | Found a staircase to the Lair.
 11427 | D:8      | Killed a two-headed ogre
 11428 | D:8      | Reached XP level 11. HP: 73/101 MP: 0/16
 12204 | D:10     | Found Rifipeih's Assorted Antiques.
 12212 | D:10     | Bought a pair of polished gloves for 275 gold pieces
 12212 | D:10     | Identified the +0 pair of gloves of Beogh's Respect {Regen+
                  | SInv} (You bought it in a shop on level 10 of the Dungeon)
 12387 | D:10     | Reached skill level 10 in Necromancy
 12591 | D:10     | Learned a level 6 spell: Simulacrum
 13320 | D:11     | Reached **** piety under Kikubaaqudgha
 13559 | D:11     | Reached skill level 5 in Spellcasting
 13655 | D:11     | Noticed a skeletal warrior
 13923 | Lair:1   | Entered Level 1 of the Lair of Beasts
 14043 | Lair:1   | Noticed an eight-headed hydra
 14055 | Lair:1   | HP: 4/101 [eight-headed hydra (15)]
 14055 | Lair:1   | Slain by an eight-headed hydra

Illustrated notes

Levels and vault maps discovered:
D:1:      lightli_arrival_flooded_house, layout_rooms,
          hellmonk_ecumenical_altar_lost_god, wad_floor_pattern_untrapped
D:2:      layout_basic, minmay_goblin_outpost
D:3:      layout_basic, serial_shops, shop_scrolls, uniq_crazy_yiuf_cottage
D:4:      layout_basic, kennysheep_mini, serial_shops, nicolae_shop_stone,
          st_stairs_14
D:5:      layout_loops_ring, minmay_temple_entry_overgrown,
          nicolae_ossuary_entry_ruins
D:6:      layout_basic, serial_shops, shop, uniq_eustachio
D:7:      layout_basic, nicolae_evil_shop
D:8:      layout_loops_ring, erik_lair_dragon, minivault_14, uniq_psyche
D:9:      layout_basic, erik_orc_1, enter_bailey_3,
          minmay_fractal_squares_diagonal_5
D:10:     layout_roguey, serial_shops, shop_fountains, minmay_misc_feat_rugged
D:11:     layout_cave_pods, eino_house_with_fridge
Temple:   dpeg_three_leaves_temple
Lair:1:   layout_gridlike, portal_ice_cave_demonic_guard

Skill      XL: |  1  2  3  4  5  6  7  8  9 10 11 |
---------------+----------------------------------+-----
Ice Magic      | 5 6 8 |  8.1
Fighting       | 1 5 6 7 10 | 10.3
Maces & Flails | 4 6 |  6.5
Necromancy     | 1 4 7 9 10 | 10.4
Dodging        | 4 |  4.8
Spellcasting   | 3 5 |  5.3
Stealth        | |  1.7

Action                   |  1- 3 |  4- 6 |  7- 9 | 10-12 || total
-------------------------+-------+-------+-------+-------++-------
Melee: Mace              |       |    37 |   103 |    93 ||   233
       Tailslap          |       |     6 |     8 |    13 ||    27
 Fire: Hunting sling     |    53 |    81 |   140 |    69 ||   343
 Cast: Freeze            |    17 |    16 |     6 |       ||    39
       Frozen Ramparts   |     3 |     6 |    29 |    43 ||    81
       Vampiric Draining |       |       |     7 |    21 ||    28
       Pain              |       |       |     6 |    73 ||    79
       Dispel Undead     |       |       |       |    16 ||    16
 Abil: Breathe Acid      |       |       |     6 |     4 ||    10
Evoke: Wand              |       |       |     3 |     6 ||     9
  Use: Scroll            |     3 |     4 |     6 |     5 ||    18
       Potion            |       |       |     2 |     1 ||     3
 Stab: Sleeping          |       |     2 |       |       ||     2
Armor: Skin              |     3 |    39 |    91 |    68 ||   201
Dodge: Dodged            |    10 |    56 |   149 |   138 ||   353

Table legend: (Time is in decaauts)
 A = Elapsed time spent in this place.
 B = Non-inter-level travel time spent in this place.
 C = Inter-level travel time spent in this place.
 D = Time resting spent in this place.
 E = Time spent auto-exploring this place.
 F = Levels seen in this place.
 G = Mean time per level.
                   A        B        C        D        E       F      G
               +--------+--------+--------+--------+--------+-----+--------+
         Total |  14163 |  13638 |    525 |   1601 |   9770 |  15 |  944.2 |
       Dungeon |  13119 |  12607 |    512 |   1420 |   9410 |  11 | 1192.6 |
        Temple |    119 |    106 |     13 |      0 |     78 |   1 |  119.0 |
          Lair |    132 |    132 |      0 |      0 |     20 |   1 |  132.0 |
       Ossuary |    363 |    363 |      0 |      0 |    237 |   1 |  363.0 |
        Bailey |    428 |    428 |      0 |    181 |     25 |   1 |  428.0 |
               +--------+--------+--------+--------+--------+-----+--------+

Top non-repeatable levels by time:
     D:9: 2273 daAuts
     D:8: 2176 daAuts
     D:2: 1418 daAuts
    D:10: 1269 daAuts
     D:6: 1067 daAuts
     D:4: 1021 daAuts
     D:7: 994 daAuts
     D:3: 906 daAuts
     D:5: 841 daAuts
     D:1: 612 daAuts
    D:11: 537 daAuts
  Bailey: 428 daAuts
 Ossuary: 363 daAuts
  Lair:1: 132 daAuts
  Temple: 119 daAuts
